 Dungeon Crawl Stone Soup version 0.31-a0-177-g4aa6249778 (webtiles) character file.

Game seed: 3757955108947456272

27218 qw the Cleaver (level 13, -4/82 HPs)
             Began as a Gargoyle Fighter on June 18, 2023.
             Was an Elder of Okawaru.
             Slain by a five-headed hydra (7 damage)
             ... on level 3 of the Lair of Beasts.
             The game lasted 00:06:27 (12309 turns).

qw the Cleaver (Gargoyle Fighter)                  Turns: 12309, Time: 00:06:28

Health: -4/82      AC: 32    Str: 25    XL:     13   Next: 31%
Magic:  20/20      EV:  9    Int:  9    God:    Okawaru [****..]
Gold:   812        SH:  6    Dex:  9    Spells: 12/12 levels left

rFire   . . .        v - +0 morningstar (flame)
rCold   + . .        c - +0 buckler
rNeg    + + .        y - +1 plate armour {rC+}
rPois   inf          h - +0 helmet
rElec   +            k - scarf {repulsion}
rCorr   .            a - +0 pair of gloves
SInv    .            j - +0 pair of boots
Will    .....        g - amulet of regeneration Stlth
                     e - ring of positive energy
HPRegen 1.13/turn    (no ring)
MPRegen 0.17/turn

%: repel missiles
@: about to teleport, heroic
A: sickness immunity, AC +9, negative energy resistance 1, electricity
resistance, torment resistance 1, petrification resistance
a: Renounce Religion, Heroism, Finesse


You were on level 3 of the Lair of Beasts.
You worshipped Okawaru.
Okawaru was greatly pleased with you.
You visited 2 branches of the dungeon, and saw 13 of its levels.
You also visited: Ossuary.

You collected 872 gold pieces.
You spent 60 gold pieces at shops.


Innate Abilities, Weirdness & Mutations

You are immune to sickness and miasma.
Your stone body is resilient. (AC +9)
You are immune to poison.
You resist negative energy. (rN+)
You are resistant to electric shocks. (rElec)
You are resistant to unholy torment.
You are immune to petrification.


   Skills:
 - Level 10.0(15.0) Fighting
 + Level 13.5(18.5) Axes
 - Level 4.4(9.4) Throwing
 - Level 10.0(15.0) Armour
 - Level 2.2(7.2) Dodging
 - Level 6.0(11.0) Shields
 - Level 10.0 Invocations


You had 12 spell levels left.
You didn't know any spells.
Your spell library was empty.

Inventory:

Hand Weapons
 v - a +0 morningstar of flaming (weapon)
 Y - a +3 heavy war axe
Missiles
 u - 3 javelins (quivered)
Armour
 a - a +0 pair of gloves (worn)
 c - a +0 buckler (worn)
 h - a +0 helmet (worn)
 j - a +0 pair of boots (worn)
 k - a scarf of repulsion (worn)
 t - +0 acid dragon scales
 y - a +1 plate armour of cold resistance (worn)
Jewellery
 e - a ring of positive energy (left hand)
 g - an amulet of regeneration (around neck)
Wands
 x - a wand of digging (8)
Scrolls
 f - 3 scrolls of teleportation
 i - 6 scrolls of identify
Potions
 b - 3 potions of curing
 d - a potion of might
 l - a potion of enlightenment
 m - 2 potions of magic
 o - a potion of mutation
 q - 2 potions of haste
 r - a potion of lignification
 s - a potion of resistance
 w - a potion of heal wounds

Dungeon Overview and Level Annotations

Branches:
Dungeon (9/15)             Temple (0/1) D:5            Lair (4/5) D:9
  Swamp (0/4) Lair:2        Snake (0/4) Lair:2      Ossuary (visited)
  Slime: Lair:4-5       Orc: D:9-12

Altars:
Dithmenos
Fedhas
Hepliaklqana
Kikubaaqudgha
Makhleb
Okawaru
Wu Jian
Yredelemnul

Shops:
D:5 ?

Annotations:
D:5 3 runed translucent doors, qw's ghost, novice NaHu
D:6 2 transporters, qw's ghost, novice GrHu
Lair:1 3 runed translucent doors, qw's ghost, journeyman GrHu


Message History

The five-headed hydra barely misses you.
The five-headed hydra misses you. x2; The five-headed hydra bites you!
The water moccasin bites you but does no damage.
The wolf bites you but does no damage. x3
12305 ||| STAIRDANCE The wolf bites you but does no damage.
The water moccasin barely misses you. The wolf bites you but does no damage.
The wolf bites you. The wolf bites you but does no damage.
The five-headed hydra closely misses you.
The five-headed hydra bites you but does no damage. x3
The five-headed hydra bites you! The wolf bites you but does no damage.
You block the water moccasin's attack.
You climb upwards.
There is a stone staircase leading down here.
You impale the five-headed hydra!! You burn the five-headed hydra.
The five-headed hydra is almost dead.
The wolf closely misses you. You block the wolf's attack.
The wolf bites you but does no damage. x2
The five-headed hydra closely misses you.
The five-headed hydra bites you.
The five-headed hydra bites you but does no damage. x2
You block the five-headed hydra's attack.
The wolf completely misses you. You block the water moccasin's attack.
You barely miss the five-headed hydra.
The five-headed hydra is almost dead.
The wolf bites you but does no damage. x3; The wolf barely misses you.
The wolf bites you. The wolf closely misses you.
You block the five-headed hydra's attack.
The five-headed hydra bites you but does no damage.
The five-headed hydra bites you.
The five-headed hydra bites you but does no damage.
The five-headed hydra barely misses you.
The wolf completely misses you.
12309 ||| READING 4 scrolls of teleportation.
As you read the scroll of teleportation, it crumbles to dust.
You feel strangely unstable. The water moccasin closely misses you.
The wolf closely misses you. The wolf bites you.
The wolf bites you but does no damage. The wolf bites you.
The water moccasin closely misses you. The five-headed hydra bites you! x2
You die...

#....8....##...........#.P##
###
#........#.............####
.#(8...8.#.............#
#........#............##
#....8....##....#.....#
............##.#......#
...##..#......####....#
........##.....h.h..P.#
.##......##....S@D...##
............##..hh#...##
.#............#####....##
........................#
.......................##
.......................##
.....##.................##
...........~~~...........##
..<.......~~~~~.........#.##


You could see a five-headed hydra, a water moccasin and 4 wolves.

Vanquished Creatures
  Harold (Lair:1)
  Erica (Lair:1)
  A two-headed ogre (D:9)
  A boulder beetle (Lair:1)
  2 skysharks (Lair:2)
  Pikel (D:6)
  2 black mambas (Lair:1)
  A torpor snail (Lair:2)
  3 cane toads
  Maggie (D:8)
  10 rime drakes
  9 komodo dragons
  A polar bear (Lair:2)
  A tyrant leech (Lair:2)
  A hornet (D:7)
  19 blink frogs
  6 dream sheep (Lair:3)
  Sigmund (D:3)
  25 yaks
  2 wyverns
  A wraith (D:9)
  A steam dragon (D:8)
  2 basilisks
  4 nagas (Lair:2)
  4 swamp worms
  2 acid dragons
  12 water moccasins
  An ice beast (D:6)
  An orc warrior (D:4)
  2 sky beasts
  A black bear (Lair:2)
  14 wolves
  3 centaurs
  A phantom (D:5)
  2 lemures (D:6)
  3 bullfrogs
  An elf zombie (Ossuary)
  2 scorpions
  6 wights (D:8)
  11 killer bees
  4 howler monkeys
  An electric eel (Lair:3)
  2 jellies
  2 hounds
  4 orc priests
  A sleepcap (D:6)
  Jessica (D:3)
  3 orc wizards
  2 iguanas (D:5)
  2 hell rats (Lair:2)
  4 mummies (Ossuary)
  A hound zombie (Ossuary)
  6 adders
  8 gnolls
  9 river rats (Lair:2)
  A shadow imp (D:6)
  A white imp (D:7)
  An ufetubus (D:5)
  2 adder zombies (Ossuary)
  5 worms
  3 dart slugs
  23 orcs
  7 endoplasms
  3 giant cockroaches
  A gnoll zombie (Ossuary)
  12 goblins
  14 hobgoblins
  7 jackals (D:1)
  3 quokkas
  4 ball pythons
  6 bats
  2 frilled lizards
  A goblin zombie (Ossuary)
  2 hobgoblin zombies (Ossuary)
  3 kobolds
  3 kobold zombies (Ossuary)
  8 rats
  A rat zombie (Ossuary)
326 creatures vanquished.

Vanquished Creatures (others)
  A human (D:8)
  An orc wizard (D:3)
2 creatures vanquished.

Grand Total: 328 creatures vanquished

Notes
Turn   | Place    | Note
-------+----------+-------------------------------------------
     0 | D:1      | qw the Gargoyle Fighter began the quest for the Orb.
     0 | D:1      | Reached XP level 1. HP: 14/14 MP: 1/1
     0 | D:1      | 0 ||| qw: Version: 0.3-a-5-g6f28e65
     0 | D:1      | 0 ||| qw: Game counter: 533
     0 | D:1      | 0 ||| qw: Always use a shield: true
     0 | D:1      | 0 ||| qw: God list: Okawaru
     0 | D:1      | 0 ||| qw: Allow faded altars: false
     0 | D:1      | 0 ||| qw: Do Orc after D:15 true
     0 | D:1      | 0 ||| qw: Do second Lair branch before Depths: true
     0 | D:1      | 0 ||| qw: Lair rune preference: random
     0 | D:1      | 0 ||| qw: Plans: Normal, Zot:1-4, Slime:5, God:TSO, Crypt,
                  | Tomb, Abyss, Pan, Hells, Win
     0 | D:1      | 0 ||| PLANNING D:1-11
    52 | D:1      | 52 ||| Stepping ~*~*~tactically~*~*~ (stealth).
    57 | D:1      | Reached skill level 2 in Axes
    65 | D:1      | Reached XP level 2. HP: 14/19 MP: 2/2
   247 | D:1      | 247 ||| Stepping ~*~*~tactically~*~*~ (water).
   311 | D:1      | 311 ||| Stepping ~*~*~tactically~*~*~ (hiding).
   417 | D:1      | Reached skill level 3 in Axes
   502 | D:1      | Reached XP level 3. HP: 21/23 MP: 3/3
   509 | D:1      | 509 ||| DROPPING +0 club.
   846 | D:1      | 846 ||| UPGRADING to +0 helmet.
   851 | D:1      | 851 ||| UPGRADING to ring of positive energy.
   852 | D:1      | 852 ||| READING scroll labelled QARAUXZA APLOI.
   855 | D:1      | 855 ||| READING scroll labelled NEAGODW UCEA.
   856 | D:1      | 856 ||| READING scroll labelled DEDWASHRUTZI.
   880 | D:2      | 880 ||| Stepping ~*~*~tactically~*~*~ (stealth).
   885 | D:2      | 885 ||| Stepping ~*~*~tactically~*~*~ (stealth).
   886 | D:2      | 886 ||| Stepping ~*~*~tactically~*~*~ (stealth).
   904 | D:2      | 904 ||| Stepping ~*~*~tactically~*~*~ (stealth).
   934 | D:2      | 934 ||| Stepping ~*~*~tactically~*~*~ (stealth).
  1115 | D:2      | Reached XP level 4. HP: 28/28 MP: 4/4
  1199 | D:2      | 1199 ||| Stepping ~*~*~tactically~*~*~ (stealth).
  1208 | D:2      | Reached skill level 4 in Axes
  1553 | D:2      | 1553 ||| UPGRADING to +0 plate armour.
  1563 | D:2      | 1563 ||| DROPPING +0 scale mail.
  1564 | D:2      | 1564 ||| UPGRADING to scarf of repulsion.
  1569 | D:2      | 1569 ||| READING scroll labelled BINAPA JINGONO.
  1587 | D:2      | 1587 ||| READING scroll labelled ONIREG JOFON.
  1588 | D:2      | 1588 ||| READING scroll labelled DEPHUKODOA.
  1589 | D:2      | 1589 ||| READING scroll labelled JUSEMOMOAF.
  1678 | D:3      | 1678 ||| READING scroll of enchant weapon.
  1678 | D:3      | 1678 ||| ENCHANTING +1 war axe.
  1803 | D:3      | Noticed Sigmund
  1811 | D:3      | Killed Sigmund
  1812 | D:3      | Reached skill level 5 in Axes
  1812 | D:3      | Reached XP level 5. HP: 29/32 MP: 3/5
  1812 | D:3      | Reached XP level 6. HP: 34/37 MP: 3/6
  1964 | D:3      | Identified the +1 robe of Qiesef {Dex+3}
  1968 | D:3      | 1968 ||| Stepping ~*~*~tactically~*~*~ (stealth).
  2074 | D:3      | Found an iron altar of Okawaru.
  2074 | D:3      | Found a shadowy altar of Dithmenos.
  2075 | D:3      | 2075 ||| PLANNING OKAWARU WORSHIP
  2080 | D:3      | Became a worshipper of Warmaster Okawaru
  2081 | D:3      | 2081 ||| PLANNING D:1-11
  2349 | D:3      | Noticed Jessica
  2350 | D:3      | 2350 ||| Stepping ~*~*~tactically~*~*~ (hiding).
  2352 | D:3      | 2352 ||| Stepping ~*~*~tactically~*~*~ (hiding).
  2355 | D:3      | Killed Jessica
  2356 | D:3      | Reached skill level 6 in Axes
  2465 | D:3      | 2465 ||| FLEEEEING.
  2466 | D:3      | 2466 ||| FLEEEEING.
  2467 | D:3      | 2467 ||| FLEEEEING.
  2468 | D:3      | 2468 ||| FLEEEEING.
  2470 | D:3      | 2470 ||| FLEEEEING.
  2471 | D:3      | 2471 ||| FLEEEEING.
  2472 | D:3      | 2472 ||| FLEEEEING.
  2473 | D:3      | 2473 ||| FLEEEEING.
  2474 | D:3      | 2474 ||| FLEEEEING.
  2475 | D:3      | 2475 ||| FLEEEEING.
  2476 | D:3      | 2476 ||| FLEEEEING.
  2477 | D:3      | 2477 ||| FLEEEEING.
  2478 | D:3      | 2478 ||| FLEEEEING.
  2479 | D:3      | 2479 ||| FLEEEEING.
  2480 | D:3      | 2480 ||| FLEEEEING.
  2485 | D:3      | 2485 ||| FLEEEEING.
  2486 | D:3      | 2486 ||| FLEEEEING.
  2487 | D:3      | 2487 ||| FLEEEEING.
  2488 | D:3      | 2488 ||| FLEEEEING.
  2489 | D:3      | 2489 ||| FLEEEEING.
  2490 | D:3      | 2490 ||| FLEEEEING.
  2491 | D:3      | 2491 ||| FLEEEEING.
  2494 | D:3      | 2494 ||| STAIRDANCE
  2507 | D:2      | 2507 ||| UPGRADING to +0 pair of gloves.
  2580 | D:3      | Found a faded altar of an unknown god.
  2801 | D:3      | 2801 ||| UPGRADING to +0 pair of boots.
  2876 | D:4      | 2876 ||| Stepping ~*~*~tactically~*~*~ (stealth).
  2877 | D:4      | 2877 ||| Stepping ~*~*~tactically~*~*~ (stealth).
  2878 | D:4      | 2878 ||| Stepping ~*~*~tactically~*~*~ (stealth).
  3020 | D:4      | 3020 ||| Stepping ~*~*~tactically~*~*~ (stealth).
  3032 | D:4      | Reached XP level 7. HP: 33/43 MP: 7/7
  3075 | D:4      | 3075 ||| DROPPING +0 mace.
  3130 | D:4      | Found a blossoming altar of Fedhas.
  3442 | D:4      | 3442 ||| DRINKING 2 ruby potions.
  3443 | D:4      | 3443 ||| READING 2 scrolls of identify.
  3443 | D:4      | 3443 ||| IDENTIFYING fizzy coppery potion
  3480 | D:5      | Entered Level 5 of the Dungeon
  3481 | D:5      | 3481 ||| PLANNING OSSUARY
  3573 | D:5      | Found Jaeryep's Magic Scroll Emporium.
  3582 | D:5      | 3582 ||| BUYING scroll of identify (24 gold).
  3582 | D:5      | Bought a scroll of identify for 24 gold pieces
  3582 | D:5      | 3582 ||| BUYING scroll of teleportation (36 gold).
  3582 | D:5      | Bought a scroll of teleportation for 36 gold pieces
  3618 | D:5      | Reached skill level 7 in Axes
  3628 | D:5      | Found a staircase to the Ecumenical Temple.
  3656 | D:5      | Found a sand-covered staircase.
  3657 | D:5      | 3657 ||| READING 2 scrolls of identify.
  3657 | D:5      | 3657 ||| IDENTIFYING bubbling ruby potion
  3664 | D:5      | 3664 ||| Stepping ~*~*~tactically~*~*~ (hiding).
  3675 | D:5      | Reached * piety under Okawaru
  3677 | D:5      | Reached skill level 1 in Invocations
  3679 | Ossuary  | Entered an ossuary
  3705 | Ossuary  | Reached XP level 8. HP: 43/49 MP: 9/9
  3883 | Ossuary  | 3883 ||| READING scroll labelled WEYHUM TOHEQAO.
  3884 | Ossuary  | 3884 ||| DRINKING 2 brown potions.
  3932 | Ossuary  | 3932 ||| DRINKING 2 lumpy brown potions.
  3933 | Ossuary  | 3933 ||| READING 2 scrolls of identify.
  3933 | Ossuary  | 3933 ||| IDENTIFYING bubbling brown potion
  3948 | D:5      | 3948 ||| PLANNING D:1-11
  4102 | D:5      | 4102 ||| Stepping ~*~*~tactically~*~*~ (stealth).
  4107 | D:5      | 4107 ||| INVOKING Heroism.
  4113 | D:5      | Reached skill level 1 in Dodging
  4166 | D:5      | 4166 ||| SWAPPING to +2 heavy war axe.
  4167 | D:5      | 4167 ||| DROPPING +2 war axe.
  4219 | D:5      | Found a runed translucent gate.
  4219 | D:5      | Found a runed translucent gate.
  4219 | D:5      | Found a runed translucent gate.
  4220 | D:5      | Noticed qw's ghost (novice NaHu)
  4399 | D:5      | 4399 ||| Stepping ~*~*~tactically~*~*~ (hiding).
  4408 | D:5      | Reached skill level 3 in Invocations
  4454 | D:5      | 4454 ||| READING scroll of enchant weapon.
  4454 | D:5      | 4454 ||| ENCHANTING +2 heavy war axe.
  4582 | D:5      | 4582 ||| INVOKING Heroism.
  4790 | D:5      | 4790 ||| READING scroll labelled SILACRO ETENY.
  4826 | D:6      | Found a transporter.
  4827 | D:6      | Found a transporter.
  4827 | D:6      | Noticed qw's ghost (novice GrHu)
  4951 | D:6      | 4951 ||| Stepping ~*~*~tactically~*~*~ (hiding).
  4953 | D:6      | 4953 ||| Stepping ~*~*~tactically~*~*~ (hiding).
  5066 | D:6      | Noticed Pikel
  5067 | D:6      | 5067 ||| INVOKING Heroism.
  5077 | D:6      | Killed Pikel
  5078 | D:6      | Reached XP level 9. HP: 50/54 MP: 10/12
  5123 | D:6      | Found a hazy altar of Hepliaklqana.
  5249 | D:6      | Reached ** piety under Okawaru
  5285 | D:6      | 5285 ||| INVOKING Heroism.
  5493 | D:6      | Noticed a queen bee
  5544 | D:6      | 5544 ||| DRINKING 2 yellow potions.
  5545 | D:6      | 5545 ||| READING 2 scrolls of identify.
  5545 | D:6      | 5545 ||| IDENTIFYING black potion
  5546 | D:6      | 5546 ||| DROPPING potion of invisibility.
  5643 | D:7      | Reached skill level 8 in Axes
  5687 | D:7      | Found the +4 skin of Zhor {*Englaciate rC+++ SInv}
  5718 | D:7      | Noticed a rime drake
  5736 | D:7      | Noticed a rime drake
  5740 | D:7      | Noticed a rime drake
  5756 | D:7      | Noticed a rime drake
  5757 | D:7      | Noticed a rime drake
  5759 | D:7      | Noticed a rime drake
  5763 | D:7      | 5763 ||| INVOKING Heroism.
  5765 | D:7      | Killed a rime drake
  5766 | D:7      | Reached skill level 6 in Fighting
  5766 | D:7      | Killed a rime drake
  5766 | D:7      | Reached *** piety under Okawaru
  5768 | D:7      | Killed a rime drake
  5769 | D:7      | Reached skill level 9 in Axes
  5770 | D:7      | Killed a rime drake
  5771 | D:7      | Reached skill level 6 in Armour
  5771 | D:7      | Reached XP level 10. HP: 38/61 MP: 11/13
  5842 | D:7      | 5842 ||| INVOKING Heroism.
  6159 | D:7      | 6159 ||| READING 2 scrolls of identify.
  6159 | D:7      | 6159 ||| IDENTIFYING sapphire potion
  6160 | D:7      | 6160 ||| DROPPING potion of brilliance.
  6217 | D:8      | Reached **** piety under Okawaru
  6244 | D:8      | Found a burning altar of Makhleb.
  6261 | D:8      | 6261 ||| Stepping ~*~*~tactically~*~*~ (stealth).
  6264 | D:8      | 6264 ||| INVOKING Heroism.
  6624 | D:8      | Noticed Maggie
  6636 | D:8      | 6636 ||| INVOKING Heroism.
  6637 | D:8      | Killed Maggie
  6638 | D:8      | Reached skill level 10 in Axes
  6791 | D:8      | 6791 ||| DROPPING +0 flail.
  6801 | D:8      | Found an ancient bone altar of Kikubaaqudgha.
  6880 | D:8      | Found an ornate altar of the Wu Jian Council.
  7058 | D:8      | Found a basalt altar of Yredelemnul.
  7144 | D:8      | 7144 ||| READING 5 scrolls of identify.
  7144 | D:8      | 7144 ||| IDENTIFYING glowing brown potion
  7170 | D:9      | 7170 ||| Stepping ~*~*~tactically~*~*~ (stealth).
  7174 | D:9      | Noticed a two-headed ogre
  7175 | D:9      | 7175 ||| INVOKING Heroism.
  7183 | D:9      | Killed a two-headed ogre
  7183 | D:9      | Reached ***** piety under Okawaru
  7184 | D:9      | Reached skill level 6 in Invocations
  7184 | D:9      | 7184 ||| Stepping ~*~*~tactically~*~*~ (hiding).
  7186 | D:9      | 7186 ||| Stepping ~*~*~tactically~*~*~ (hiding).
  7218 | D:9      | Reached XP level 11. HP: 66/67 MP: 16/16
  7427 | D:8      | 7427 ||| Stepping randomly (stuck).
  7537 | D:9      | 7537 ||| Stepping ~*~*~tactically~*~*~ (hiding).
  7620 | D:9      | 7620 ||| Stepping ~*~*~tactically~*~*~ (stealth).
  7629 | D:9      | Found a staircase to the Lair.
  7630 | D:9      | 7630 ||| INVOKING Heroism.
  7720 | D:9      | 7720 ||| DROPPING ring of wizardry.
  7727 | D:8      | 7727 ||| Stepping randomly (stuck).
  7728 | D:8      | 7728 ||| PLANNING LAIR
  7776 | Lair:1   | Entered Level 1 of the Lair of Beasts
  7776 | Lair:1   | Noticed Erica
  7777 | Lair:1   | 7777 ||| Stepping ~*~*~tactically~*~*~ (hiding).
  7779 | Lair:1   | 7779 ||| INVOKING Heroism.
  7787 | Lair:1   | 7787 ||| INVOKING Finesse.
  7789 | Lair:1   | 7789 ||| DRINKING 2 potions of curing.
  7789 | Lair:1   | 7789 ||| (to cure confusion)
  7791 | Lair:1   | Killed Erica
  7791 | Lair:1   | Received a gift from Okawaru
  7797 | Lair:1   | HP: 12/68 [komodo dragon (6)]
  7798 | Lair:1   | 7798 ||| READING 7 scrolls of teleportation.
  7799 | Lair:1   | 7799 ||| DRINKING 3 potions of heal wounds.
  7941 | Lair:1   | 7941 ||| INVOKING Heroism.
  7984 | Lair:1   | 7984 ||| INVOKING Heroism.
  8041 | Lair:1   | Noticed Harold
  8042 | Lair:1   | 8042 ||| INVOKING Heroism.
  8050 | Lair:1   | Killed Harold
  8050 | Lair:1   | Received a gift from Okawaru
  8216 | Lair:1   | 8216 ||| Stepping ~*~*~tactically~*~*~ (stealth).
  8217 | Lair:1   | 8217 ||| Stepping ~*~*~tactically~*~*~ (stealth).
  8218 | Lair:1   | 8218 ||| INVOKING Heroism.
  8222 | Lair:1   | Reached skill level 9 in Invocations
  8229 | Lair:1   | Received a gift from Okawaru
  8280 | Lair:1   | Noticed a boulder beetle
  8281 | Lair:1   | 8281 ||| INVOKING Heroism.
  8298 | Lair:1   | Killed a boulder beetle
  8299 | Lair:1   | Reached skill level 11 in Axes
  8433 | Lair:1   | 8433 ||| INVOKING Heroism.
  8456 | Lair:1   | 8456 ||| INVOKING Heroism.
  8561 | Lair:1   | 8561 ||| INVOKING Heroism.
  8748 | Lair:1   | Found a runed translucent gate.
  8748 | Lair:1   | Found a runed translucent gate.
  8748 | Lair:1   | Found a runed translucent gate.
  8750 | Lair:1   | Noticed qw's ghost (journeyman GrHu)
  8785 | Lair:1   | 8785 ||| Stepping ~*~*~tactically~*~*~ (stealth).
  8863 | Lair:1   | 8863 ||| INVOKING Heroism.
  8872 | Lair:1   | Reached skill level 9 in Fighting
  8872 | Lair:1   | Reached XP level 12. HP: 76/76 MP: 17/19
  9035 | Lair:1   | 9035 ||| DROPPING +4 skin of Zhor {*Englaciate rC+++ SInv}.
  9036 | Lair:1   | 9036 ||| UPGRADING to +1 plate armour of cold resistance.
  9046 | Lair:1   | 9046 ||| DROPPING +0 plate armour.
  9070 | Lair:2   | 9070 ||| Stepping ~*~*~tactically~*~*~ (stealth).
  9071 | Lair:2   | 9071 ||| INVOKING Heroism.
  9224 | Lair:2   | 9224 ||| INVOKING Heroism.
  9326 | Lair:2   | 9326 ||| INVOKING Heroism.
  9382 | Lair:2   | 9382 ||| INVOKING Heroism.
  9386 | Lair:2   | Noticed a skyshark
  9391 | Lair:2   | Reached skill level 12 in Axes
  9397 | Lair:2   | Killed a skyshark
  9450 | Lair:2   | Reached skill level 9 in Armour
  9534 | Lair:2   | 9534 ||| Stepping ~*~*~tactically~*~*~ (hiding).
  9536 | Lair:2   | 9536 ||| INVOKING Heroism.
  9537 | Lair:2   | Found a staircase to the Swamp.
  9575 | Lair:2   | 9575 ||| INVOKING Heroism.
  9576 | Lair:2   | HP: 10/76 [naga/+0 halberd (14)]
  9577 | Lair:2   | 9577 ||| READING 6 scrolls of teleportation.
  9578 | Lair:2   | 9578 ||| DRINKING 3 potions of heal wounds.
  9816 | Lair:2   | Received a gift from Okawaru
  9817 | Lair:2   | Reached skill level 6 in Shields
  9838 | Lair:2   | 9838 ||| Stepping ~*~*~tactically~*~*~ (hiding).
  9847 | Lair:2   | 9847 ||| INVOKING Heroism.
 10153 | Lair:2   | 10153 ||| INVOKING Heroism.
 10161 | Lair:2   | 10161 ||| Stepping ~*~*~tactically~*~*~ (stealth).
 10164 | Lair:2   | 10164 ||| Stepping ~*~*~tactically~*~*~ (stealth).
 10353 | Lair:2   | Found a staircase to the Snake Pit.
 10407 | Lair:2   | 10407 ||| Stepping ~*~*~tactically~*~*~ (stealth).
 10463 | Lair:2   | 10463 ||| INVOKING Heroism.
 10804 | Lair:2   | 10804 ||| READING scroll labelled KYEVENNUMPA.
 10825 | Lair:3   | Noticed a skyshark
 10826 | Lair:3   | 10826 ||| INVOKING Heroism.
 10834 | Lair:3   | 10834 ||| STAIRDANCE
 10837 | Lair:2   | Killed a skyshark
 10905 | Lair:3   | 10905 ||| STAIRDANCE
 10911 | Lair:2   | 10911 ||| INVOKING Heroism.
 11021 | Lair:3   | 11021 ||| STAIRDANCE
 11026 | Lair:2   | Received a gift from Okawaru
 11035 | Lair:3   | 11035 ||| STAIRDANCE
 11066 | Lair:3   | 11066 ||| STAIRDANCE
 11142 | Lair:3   | 11142 ||| Stepping ~*~*~tactically~*~*~ (hiding).
 11152 | Lair:3   | Reached XP level 13. HP: 82/82 MP: 20/20
 11155 | Lair:3   | 11155 ||| Stepping ~*~*~tactically~*~*~ (stealth).
 11156 | Lair:3   | 11156 ||| Stepping ~*~*~tactically~*~*~ (stealth).
 11159 | Lair:3   | 11159 ||| INVOKING Heroism.
 11169 | Lair:3   | Reached skill level 13 in Axes
 11177 | Lair:3   | 11177 ||| Stepping ~*~*~tactically~*~*~ (stealth).
 11185 | Lair:3   | HP: 14/82 [torpor snail (15)]
 11186 | Lair:3   | 11186 ||| READING 5 scrolls of teleportation.
 11186 | Lair:3   | HP: 2/82 [torpor snail (6)]
 11187 | Lair:3   | 11187 ||| DRINKING 2 potions of heal wounds.
 11436 | Lair:3   | 11436 ||| INVOKING Heroism.
 11606 | Lair:3   | 11606 ||| INVOKING Heroism.
 11637 | Lair:3   | 11637 ||| Stepping ~*~*~tactically~*~*~ (stealth).
 11675 | Lair:3   | 11675 ||| FLEEEEING.
 11677 | Lair:3   | 11677 ||| FLEEEEING.
 11680 | Lair:3   | 11680 ||| FLEEEEING.
 11681 | Lair:3   | 11681 ||| FLEEEEING.
 11682 | Lair:3   | 11682 ||| FLEEEEING.
 11684 | Lair:3   | 11684 ||| FLEEEEING.
 11685 | Lair:3   | 11685 ||| FLEEEEING.
 11686 | Lair:3   | 11686 ||| FLEEEEING.
 11687 | Lair:3   | 11687 ||| FLEEEEING.
 11688 | Lair:3   | 11688 ||| FLEEEEING.
 11689 | Lair:3   | 11689 ||| FLEEEEING.
 11690 | Lair:3   | 11690 ||| FLEEEEING.
 11691 | Lair:3   | 11691 ||| FLEEEEING.
 11692 | Lair:3   | 11692 ||| FLEEEEING.
 11693 | Lair:3   | 11693 ||| FLEEEEING.
 11694 | Lair:3   | 11694 ||| FLEEEEING.
 11695 | Lair:3   | 11695 ||| FLEEEEING.
 11696 | Lair:3   | 11696 ||| FLEEEEING.
 11697 | Lair:3   | 11697 ||| FLEEEEING.
 11698 | Lair:3   | 11698 ||| FLEEEEING.
 11699 | Lair:3   | 11699 ||| FLEEEEING.
 11700 | Lair:3   | 11700 ||| FLEEEEING.
 11701 | Lair:3   | 11701 ||| FLEEEEING.
 11702 | Lair:3   | 11702 ||| FLEEEEING.
 11703 | Lair:3   | 11703 ||| FLEEEEING.
 11704 | Lair:3   | 11704 ||| FLEEEEING.
 11705 | Lair:3   | 11705 ||| FLEEEEING.
 11706 | Lair:3   | 11706 ||| FLEEEEING.
 11707 | Lair:3   | 11707 ||| FLEEEEING.
 11708 | Lair:3   | 11708 ||| FLEEEEING.
 11709 | Lair:3   | 11709 ||| FLEEEEING.
 11710 | Lair:3   | 11710 ||| FLEEEEING.
 11711 | Lair:3   | 11711 ||| FLEEEEING.
 11712 | Lair:3   | 11712 ||| FLEEEEING.
 11807 | Lair:3   | 11807 ||| FLEEEEING.
 11808 | Lair:3   | 11808 ||| FLEEEEING.
 11809 | Lair:3   | 11809 ||| FLEEEEING.
 11810 | Lair:3   | 11810 ||| FLEEEEING.
 11811 | Lair:3   | 11811 ||| FLEEEEING.
 11812 | Lair:3   | 11812 ||| FLEEEEING.
 11813 | Lair:3   | 11813 ||| FLEEEEING.
 11814 | Lair:3   | 11814 ||| STAIRDANCE
 11817 | Lair:2   | 11817 ||| UPGRADING to amulet of regeneration.
 11822 | Lair:2   | 11822 ||| DROPPING amulet of guardian spirit.
 11823 | Lair:2   | 11823 ||| DROPPING amulet of magic regeneration.
 11826 | Lair:3   | 11826 ||| STAIRDANCE
 11828 | Lair:2   | 11828 ||| INVOKING Heroism.
 11892 | Lair:3   | 11892 ||| Stepping ~*~*~tactically~*~*~ (stealth).
 12296 | Lair:4   | 12296 ||| PLANNING GAUNTLET
 12296 | Lair:4   | 12296 ||| INVOKING Heroism.
 12298 | Lair:4   | 12298 ||| SWAPPING to +0 morningstar of flaming.
 12305 | Lair:4   | 12305 ||| STAIRDANCE
 12308 | Lair:3   | HP: 17/82 [five-headed hydra (5)]
 12309 | Lair:3   | 12309 ||| READING 4 scrolls of teleportation.
 12309 | Lair:3   | HP: 3/82 [five-headed hydra (11)]
 12309 | Lair:3   | Slain by a five-headed hydra

Levels and vault maps discovered:
D:1:      dpeg_arrival_rooms_a, layout_basic, serial_bayou, serial_bayou_pond_c,
          serial_bayou_lagoon_a, serial_bayou_ford_a, serial_bayou_shore_a,
          minmay_box_of_dots
D:2:      layout_basic, minmay_misc_feat_five
D:3:      layout_loops_corners, jmf_multi_god_temple,
          shapermc_ecumenical_altar_pompeii, kennysheep_jessica_study,
          uniq_sigmund
D:4:      layout_cave_pools, fedhas_altar_fruit_tree
D:5:      layout_loops_corners, temple_green, nicolae_ossuary_entry_monument,
          gammafunk_ghost_nasty_kobolds, serial_shops, shop
D:6:      layout_basic, mainiacjoe_overflow_six_doors_small,
          gammafunk_ghost_hive, kennysheep_nub, kennysheep_generic_room_10,
          uniq_pikel
D:7:      layout_cave_pools, hellmonk_guarded_unrand_zhor
D:8:      layout_basic, marbit_many_paths, nicolae_overflow_hidden_temple,
          tgw_kikubaaqudgha, lemuel_coloured_pillars_altar, uniq_maggie
D:9:      layout_loops_ring, zin_statuary, david_lair_shrubbed,
          ebering_ghost_xom, minmay_misc_feat_chi, ebering_dispersal_statue_hall
Lair:1:   layout_gridlike, gammafunk_ghost_necromancy, worms_lemuel,
          grunt_megastairs_1, uniq_erica, uniq_harold
Lair:2:   layout_gridlike, minmay_swamp_entry_worms,
          minmay_snake_entry_guardpost_small, kennysheep_rathole
Lair:3:   layout_hall_layers, grunt_megastairs_4, infiniplex_staircase_pool,
          serial_bayou_shore_b
Lair:4:   layout_long_grid, slime_entry_1, gauntlet_entry_generic,
          ebering_ghost_funeral_grove, st_stairs_12, beast_lair_carwin_7

Skill      XL: |  1  2  3  4  5  6  7  8  9 10 11 12 13 |
---------------+----------------------------------------+-----
Axes           | 2 3 5 6 7 9 10 11 12 13 | 13.5
Fighting       | 4 5 6 7 9 10 | 10.0
Armour         | 4 6 7 8 9 10 | 10.0
Invocations    | 2 4 6 10 | 10.0
Dodging        | 1 2 |  2.2
Throwing       | 4 |  4.4
Shields        | 4 5 6 |  6.0

Action                     |  1- 3 |  4- 6 |  7- 9 | 10-12 | 13-15 || total
---------------------------+-------+-------+-------+-------+-------++-------
  Melee: War axe           |    90 |   153 |   186 |   350 |   101 ||   880
         Morningstar       |       |       |       |       |     8 ||     8
  Throw: Boomerang         |       |     4 |     3 |       |       ||     7
         Javelin           |       |       |    17 |    67 |    11 ||    95
 Invoke: Heroism           |       |       |     5 |    26 |     5 ||    36
         Finesse           |       |       |       |     1 |       ||     1
    Use: Scroll            |     3 |     5 |     7 |     5 |     2 ||    22
         Potion            |       |       |     4 |     3 |     1 ||     8
 Armour: Scale mail        |    47 |     9 |       |       |       ||    56
         Plate armour      |       |    78 |   167 |   263 |   127 ||   635
  Dodge: Dodged            |    37 |    42 |    63 |   150 |    61 ||   353
         Repelled          |       |       |       |     5 |     1 ||     6
  Block: Buckler           |    15 |    22 |    34 |   101 |    41 ||   213

Table legend:
 A = Non-vault XP
 B = Vault XP
 C = Vault XP percentage of total XP
 D = Non-vault monster count
 E = Vault monster count
 F = Vault count percentage of total count
                 A         B        C        D         E       F
            +---------+---------+-------+---------+---------+-------
      Total |   27540 |   11343 |  29.2 |     254 |      71 |  21.8
            +---------+---------+-------+---------+---------+-------
        D:1 |      43 |       7 |  14.0 |      22 |       5 |  18.5
        D:2 |      68 |       0 |   0.0 |      21 |       0 |   0.0
        D:3 |     180 |     256 |  58.7 |      25 |       5 |  16.7
        D:4 |     229 |       0 |   0.0 |      19 |       0 |   0.0
        D:5 |     617 |       0 |   0.0 |      15 |       0 |   0.0
        D:6 |     575 |     629 |  52.2 |      17 |       1 |   5.6
        D:7 |     669 |    2306 |  77.5 |       6 |       6 |  50.0
        D:8 |    1578 |     445 |  22.0 |      25 |       2 |   7.4
        D:9 |    1785 |     333 |  15.7 |      12 |       1 |   7.7
     Lair:1 |    4802 |    4080 |  45.9 |      16 |      10 |  38.5
     Lair:2 |   11848 |    1281 |   9.8 |      49 |      18 |  26.9
     Lair:3 |    5146 |    1800 |  25.9 |      27 |       7 |  20.6
    Ossuary |       0 |     206 | 100.0 |       0 |      16 | 100.0
            +---------+---------+-------+---------+---------+-------
